 Dungeon Crawl Stone Soup version 0.31-a0-853-gc9b61b78f7 (webtiles) character file.

Game seed: 17560702968894693725

14871 BinkBink the Severer (level 11, -6/104 HPs)
             Began as a Minotaur Monk on Oct 8, 2023.
             Was a High Priest of Qazlal.
             Mangled by a 13-headed hydra (8 damage)
             ... on level 11 of the Dungeon.
             The game lasted 00:15:55 (11086 turns).

BinkBink the Severer (Minotaur Monk)               Turns: 11086, Time: 00:15:56

Health: -6/104     AC: 10    Str: 17    XL:     11   Next: 94%
Magic:  10/10      EV: 18    Int:  7    God:    Qazlal [*****.]
Gold:   1155       SH:  6    Dex: 16    Spells: 10/10 levels left

rFire   . . .        a - +3 battleaxe
rCold   + . .        (shield currently unavailable)
rNeg    . . .        b - +0 robe
rPois   +            O - +1 hat {SInv}
rElec   .            r - +2 cloak {rPois}
rCorr   .            (no gloves)
SInv    +            o - +0 pair of boots
Will    .....        (no amulet)
Stlth   +            n - ring of protection from cold
HPRegen 0.37/turn    (no ring)
MPRegen 0.12/turn

%: repel missiles
@: protected from physical damage
A: horns 2, retaliatory headbutt
a: Renounce Religion, Upheaval, Elemental Force, Disaster Area


You were on level 11 of the Dungeon.
You worshipped Qazlal.
Qazlal was extremely pleased with you.
You visited 2 branches of the dungeon, and saw 12 of its levels.
You also visited: Ossuary and Ice Cave.

You collected 1480 gold pieces.
You spent 325 gold pieces at shops.

Inventory:

Hand Weapons
 a - a +3 battleaxe (weapon)
 u - a +3 war axe of flaming
 N - a +2 broad axe of flaming
 Q - the +7 quarterstaff "Horyf" {speed, rElec rF+ rN+ Stlth-}
   (You found it in an ice cave)

   rF+:       It protects you from fire.
   rElec:     It insulates you from electricity.
   rN+:       It protects you from negative energy.
   Stlth-:    It makes you less stealthy.
 R - a +2 war axe of flaming
Missiles
 k - 2 throwing nets
Armour
 b - a +0 robe (worn)
 d - an orb of light
 o - a +0 pair of boots (worn)
 r - a +2 cloak of poison resistance (worn)
 O - a +1 hat of see invisible (worn)
 P - a +2 crystal plate armour of cold resistance
Jewellery
 i - a ring of magical power
 n - a ring of protection from cold (left hand)
 x - a ring of willpower
 F - a ring of ice
 J - a +5 ring of evasion
Wands
 e - a wand of iceblast (5)
 f - a wand of flame (17)
 w - a wand of charming (9)
 K - a wand of polymorph (6)
Scrolls
 h - 2 scrolls of revelation
 l - 2 scrolls of silence
 p - 4 scrolls of enchant armour
 q - 4 scrolls of noise
 s - 4 scrolls of fog
 t - a scroll of immolation
 y - 6 scrolls of teleportation
 B - a scroll of blinking
 C - a scroll of identify
 G - 3 scrolls of vulnerability
 L - a scroll of poison
 M - a scroll of fear {unknown}
Potions
 c - 2 potions of ambrosia
 g - 2 potions of enlightenment {unknown}
 j - a potion of resistance {unknown}
 m - 2 potions of curing {unknown}
 v - 2 potions of haste {unknown}
 z - 3 potions of mutation {unknown}
 A - 2 potions of cancellation {unknown}
 D - 4 potions of lignification {unknown}
 E - a potion of magic {unknown}
 H - a potion of brilliance {unknown}
 I - a potion of heal wounds


   Skills:
 + Level 12.2 Fighting
 * Level 16.5 Axes
 + Level 11.2 Dodging


You had 10 spell levels left.
You didn't know any spells.
Your spell library contained the following spells:

 Spells                   Type           Power      Damage    Failure   Level
 Necrotise                Necr           0%         1d4       43%         1
 Cigotuvi's Dreadful Rot  Necr/Pois/Air  0%         N/A       56%         2
 Ozocubu's Armour         Ice            0%         N/A       80%         3
 Vampiric Draining        Necr           0%         2d6       80%         3
 Dispel Undead            Necr           0%         3d6       99%         4
 Agony                    Necr           0%         N/A       100%        5
 Alistair's Intoxication  Tmut/Pois      0%         N/A       100%        5
 Borgnjor's Vile Clutch   Necr/Erth      0%         N/A       100%        5
 Metabolic Englaciation   Hex/Ice        0%         N/A       100%        5
 Death Channel            Necr           0%         N/A       100%        6
 Eringya's Noxious Bog    Tmut/Pois      0%         4d6       100%        6
 Simulacrum               Ice/Necr       0%         N/A       100%        6
 Ozocubu's Refrigeration  Ice            0%         4d7       100%        7
 Polar Vortex             Ice            0%         N/A       100%        9


Dungeon Overview and Level Annotations

Branches:
Dungeon (11/15)            Temple (1/1) D:4            Lair (0/5) D:10
    Orc (0/2) D:11        Ossuary (visited)           IceCv (visited)

Altars:
Ashenzari
Cheibriados
Dithmenos
Elyvilon
Fedhas
Gozag
Hepliaklqana
Kikubaaqudgha
Makhleb
Nemelex Xobeh
Okawaru
Qazlal
Ru
Sif Muna
Trog
Uskayaw
Vehumet
Wu Jian
Xom
Yredelemnul
Zin
The Shining One

Shops:
D:2 (   D:3 !   D:4 [   D:8 !

Annotations:
D:3 1 runed translucent door, Crazy Yiuf, Sigmund


Innate Abilities, Weirdness & Mutations

You have a pair of horns on your head.
You reflexively headbutt those who attack you in melee.


Message History

You feel more protected from physical attacks.
You chop one of the ten-headed hydra's heads off!
The nine-headed hydra grows two more!
You slash the 11-headed hydra!
The 11-headed hydra is severely wounded.
You hear a horrible gurgling sound!
You hear a shout!
Unknown command.
You lop one of the 11-headed hydra's heads off!
The ten-headed hydra grows two more!
You slash the 12-headed hydra!
The 12-headed hydra is severely wounded.
You hear a howl!
The 12-headed hydra bites you but does no damage. x2
The 12-headed hydra bites you.
* * * LOW HITPOINT WARNING * * *
The 12-headed hydra completely misses you.
You block the 12-headed hydra's attack. The 12-headed hydra bites you.
* * * LOW HITPOINT WARNING * * *
The 12-headed hydra bites you but does no damage.
The 12-headed hydra completely misses you.
The 12-headed hydra misses you. The 12-headed hydra barely misses you.
The 12-headed hydra bites you!
* * * LOW HITPOINT WARNING * * *
The 12-headed hydra barely misses you.
You hear a horrible gurgling sound!
You chop one of the 12-headed hydra's heads off!
The 11-headed hydra grows two more!
You slash the 13-headed hydra!
The 13-headed hydra is severely wounded.
You hear a shout!
The 13-headed hydra bites you but does no damage.
You block the 13-headed hydra's attack. The 13-headed hydra bites you.
* * * LOW HITPOINT WARNING * * *
You feel more protected from physical attacks.
The 13-headed hydra closely misses you. The 13-headed hydra bites you.
* * * LOW HITPOINT WARNING * * *
The 13-headed hydra bites you.
* * * LOW HITPOINT WARNING * * *
The 13-headed hydra bites you.
* * * LOW HITPOINT WARNING * * *
You feel more protected from physical attacks.
The 13-headed hydra bites you!
You die...

..#.. #..# ⌠...⌠ #
#..# ....# .# #..#
#... .### #..#
#..###..ch #..#
##....#H^ #..#
#....H.# #..#
######c########..#
.......§D@....))..#
######.W####)####.#
....## #..##..#
#.... ##.##.##
#.### #....# #.
###.## . #.# #.#
#.#


You could see a 13-headed hydra, a yaktaur and a shadow.

Vanquished Creatures
  2 centaur warriors (D:11)
  3 two-headed ogres
  An orc knight (D:11)
  2 ugly things (IceCv)
  2 ice statues (IceCv)
  2 gargoyles
  An unseen horror (D:10)
  A komodo dragon (D:8)
  A spriggan (D:10)
  A wyvern (D:8)
  14 yaks
  5 wraiths
  Grum (D:11)
  A death yak simulacrum (IceCv)
  A harpy simulacrum (IceCv)
  3 orc warriors
  A sky beast (D:7)
  3 black bears
  2 ice beasts
  3 wolves (D:11)
  A boggart (D:11)
  4 centaurs
  An ogre (D:4)
  A phantom (D:4)
  2 kobold brigands
  5 bullfrogs
  A cane toad simulacrum (IceCv)
  13 scorpions
  9 wights
  16 killer bees
  2 howler monkeys
  A centaur zombie (Ossuary)
  4 iron imps
  3 human zombies (Ossuary)
  2 orc priests
  6 hounds
  3 jellies
  3 sleepcaps
  5 iguanas
  Terence (D:2)
  5 scorpion zombies (Ossuary)
  Natasha (twice) (D:2)
  6 orc wizards
  A polar bear simulacrum (IceCv)
  3 mummies (Ossuary)
  6 gnolls
  4 adders
  2 shadow imps (D:6)
  A white imp (D:5)
  An ufetubus (D:4)
  5 worms
  3 dart slugs
  31 orcs
  4 ball pythons
  8 bats
  9 endoplasms
  2 giant cockroaches
  6 goblins
  5 hobgoblins
  4 jackals (D:4)
  6 quokkas
  A frilled lizard (D:2)
  A gnoll zombie (Ossuary)
  2 goblin zombies (Ossuary)
  4 hobgoblin zombies (Ossuary)
  13 kobolds
  2 kobold zombies (Ossuary)
  2 orc zombies (Ossuary)
  3 rats
275 creatures vanquished.

Vanquished Creatures (others)
  Natasha (D:2)
1 creature vanquished.

Grand Total: 276 creatures vanquished

Notes
Turn   | Place    | Note
-------+----------+-------------------------------------------
     0 | D:1      | BinkBink the Minotaur Monk began the quest for the Orb.
     0 | D:1      | Reached XP level 1. HP: 19/19 MP: 0/0
   101 | D:1      | Reached XP level 2. HP: 27/27 MP: 1/1
   290 | D:1      | Reached skill level 4 in Axes
  1020 | D:2      | Noticed Natasha
  1024 | D:2      | Killed Natasha
  1025 | D:2      | Reached XP level 3. HP: 24/33 MP: 2/2
  1137 | D:2      | Found a faded altar of an unknown god.
  1266 | D:2      | Noticed Natasha
  1276 | D:2      | Killed Natasha
  1277 | D:2      | Reached XP level 4. HP: 20/41 MP: 3/3
  1444 | D:2      | Found Pyp Nae's Weapon Boutique.
  1448 | D:2      | Noticed Terence
  1539 | D:2      | HP: 2/41 [Terence/+0 trident (10)]
  1545 | D:2      | Killed Terence
  1546 | D:2      | Reached skill level 5 in Axes
  1775 | D:2      | Noticed Natasha
  1784 | D:2      | Killed Natasha
  2040 | D:3      | Noticed Sigmund
  2122 | D:3      | Reached XP level 5. HP: 38/47 MP: 4/4
  2221 | D:3      | Found an opulent altar of Gozag.
  2221 | D:3      | Found a shimmering blue altar of Sif Muna.
  2221 | D:3      | Found a glowing silver altar of Zin.
  2260 | D:3      | Found a runed translucent door.
  2261 | D:3      | Noticed Crazy Yiuf
  2395 | D:3      | Found Paed's Distillery.
  2849 | D:3      | Reached skill level 5 in Fighting
  2849 | D:3      | Reached skill level 6 in Axes
  3304 | D:4      | Noticed a phantom
  3314 | D:4      | Killed a phantom
  3315 | D:4      | Reached XP level 6. HP: 44/56 MP: 5/5
  3358 | D:4      | Found a staircase to the Ecumenical Temple.
  3389 | Temple   | Entered the Ecumenical Temple
  3414 | Temple   | Became a worshipper of Qazlal Stormbringer
  3414 | Temple   | Reached * piety under Qazlal
  3414 | Temple   | Reached ** piety under Qazlal
  3453 | D:4      | Found Fuclidust's Armour Boutique.
  3477 | D:4      | Bought a +2 cloak of poison resistance for 185 gold pieces
  3514 | D:4      | Reached skill level 7 in Axes
  3514 | D:4      | Reached skill level 5 in Dodging
  3588 | D:4      | Reached XP level 7. HP: 62/62 MP: 6/6
  4187 | D:4      | Reached skill level 8 in Axes
  4347 | D:4      | Found a shadowy altar of Dithmenos.
  4418 | D:5      | Entered Level 5 of the Dungeon
  4421 | D:5      | Reached *** piety under Qazlal
  4610 | D:5      | Reached XP level 8. HP: 71/71 MP: 7/7
  4648 | D:5      | Reached skill level 9 in Axes
  4845 | D:5      | Found an iron altar of Okawaru.
  5529 | D:6      | Reached skill level 10 in Axes
  5841 | D:7      | Found a sand-covered staircase.
  5850 | Ossuary  | Entered an ossuary
  5905 | Ossuary  | Reached XP level 9. HP: 81/81 MP: 8/8
  5953 | Ossuary  | Reached **** piety under Qazlal
  6013 | Ossuary  | Reached skill level 11 in Axes
  6433 | D:7      | Found a hazy altar of Hepliaklqana.
  6620 | D:7      | Noticed a two-headed ogre
  6626 | D:7      | Killed a two-headed ogre
  6627 | D:7      | Reached skill level 12 in Axes
  6729 | D:7      | Noticed a gargoyle
  6735 | D:7      | Killed a gargoyle
  6736 | D:7      | Reached XP level 10. HP: 69/91 MP: 9/9
  7070 | D:8      | Found Utoyfotz's Distillery.
  7125 | D:8      | Bought a potion of heal wounds for 70 gold pieces
  7125 | D:8      | Bought a potion of heal wounds for 70 gold pieces
  7150 | D:8      | Found a white marble altar of Elyvilon.
  7198 | D:8      | Reached skill level 13 in Axes
  7255 | D:8      | Found a snail-covered altar of Cheibriados.
  7396 | D:8      | Found a sparkling altar of Nemelex Xobeh.
  7980 | D:9      | Reached skill level 10 in Fighting
  7985 | D:9      | Reached ***** piety under Qazlal
  8400 | D:9      | Found a burning altar of Makhleb.
  8480 | D:9      | Noticed a two-headed ogre
  8489 | D:9      | Killed a two-headed ogre
  9075 | D:10     | Entered Level 10 of the Dungeon
  9094 | D:10     | Reached skill level 14 in Axes
  9402 | D:10     | Found a staircase to the Lair.
  9409 | D:10     | Reached XP level 11. HP: 91/101 MP: 10/10
  9500 | D:10     | Reached skill level 10 in Dodging
  9849 | D:10     | Reached skill level 15 in Axes
 10192 | D:11     | Found a frozen archway.
 10198 | D:11     | Noticed a two-headed ogre
 10207 | D:11     | Killed a two-headed ogre
 10218 | D:11     | Noticed Grum
 10227 | D:11     | Killed Grum
 10326 | IceCv    | Entered an ice cave
 10326 | IceCv    | Noticed a white ugly thing
 10342 | IceCv    | Killed a white ugly thing
 10388 | IceCv    | Found a transporter.
 10392 | IceCv    | Noticed a white ugly thing
 10395 | IceCv    | Found a transporter.
 10414 | IceCv    | Killed a white ugly thing
 10599 | IceCv    | Identified the +7 quarterstaff "Horyf" {speed, rElec rF+
                  | rN+ Stlth-}
 10628 | D:11     | Found a staircase to the Orcish Mines.
 10769 | D:11     | Reached skill level 16 in Axes
 10831 | D:11     | Identified the +5 falchion "Uromme Baish" {drain, rElec rF+
                  | rN+ Int-5}
 10834 | D:11     | Noticed an orc knight
 10837 | D:11     | Noticed a boulder beetle
 10839 | D:11     | Noticed a centaur warrior
 10847 | D:11     | Killed an orc knight
 10850 | D:11     | Killed a centaur warrior
 10853 | D:11     | Noticed a centaur warrior
 10859 | D:11     | HP: 5/104 [centaur warrior (10)]
 10865 | D:11     | Killed a centaur warrior
 11074 | D:11     | Noticed a seven-headed hydra
 11086 | D:11     | HP: 2/104 [13-headed hydra (5)]
 11086 | D:11     | Mangled by a 13-headed hydra

Illustrated notes

Levels and vault maps discovered:
D:1:      wander_arrival_estate, layout_loops_corners
D:2:      layout_basic, basic_ecumenical_altar, serial_shops, shop,
          minmay_misc_feat_tiny, uniq_terence, uniq_natasha
D:3:      layout_basic, gammafunk_temple_overflow_claw, serial_shops, shop,
          st_stairs_12, nrook_uturn, kennysheep_generic_room_6,
          uniq_crazy_yiuf_cottage, uniq_sigmund
D:4:      minmay_bubble_buster, layout_rooms, kennysheep_little_box,
          minmay_temple_entry_offerings, serial_shops,
          nicolae_shop_rolling_square, nicolae_hexahallways,
          minmay_misc_feat_room, nicolae_wormholes
D:5:      layout_basic, okawaru_trees_2
D:6:      layout_cave_pools
D:7:      layout_basic, mainiacjoe_overflow_brackets,
          nicolae_ossuary_entry_monument, hangedman_decor_slide_cut,
          minmay_fractal_squares_diagonal_5
D:8:      layout_cave_pools, elyvilon_altar_4, slow_altar_2,
          nemelex_diamond_rough_becter, serial_shops, shop_fountains,
          minivault_21
D:9:      layout_stronghold, demons_altar
D:10:     layout_gridville, grunt_lair_entry_orc_guard_hut, the_hattery
D:11:     minmay_the_grid_square_5x5_5x5_mashed
          [minmay_the_grid_square_5x5_tri_point,
          minmay_the_grid_square_5x5_corner, minmay_the_grid_square_5x5_empty,
          minmay_the_grid_square_5x5_inverted_slash,
          minmay_the_grid_square_5x5_plus, minmay_the_grid_square_5x5_six,
          minmay_the_grid_square_5x5_prize_deathbox,
          minmay_the_grid_square_5x5_checkered_sparse,
          minmay_the_grid_square_5x5_prize_pseudospiral,
          minmay_the_grid_square_5x5_fancy_junction,
          minmay_the_grid_square_5x5_minivault,
          minmay_the_grid_square_5x5_shrine2,
          minmay_the_grid_square_5x5_prize_open, minmay_the_grid_square_5x5_two,
          minmay_the_grid_square_5x5_six_small,
          minmay_the_grid_square_5x5_inner_z,
          minmay_the_grid_square_5x5_prize_gold,
          minmay_the_grid_square_5x5_lines,
          minmay_the_grid_square_5x5_prize_rear_guard,
          minmay_the_grid_square_5x5_doubleslash,
          minmay_the_grid_square_5x5_forky, minmay_the_grid_square_5x5_comb,
          minmay_the_grid_square_5x5_three_walls,
          minmay_the_grid_square_5x5_moneybag,
          minmay_the_grid_square_5x5_checkered_statues], layout_basic,
          portal_ice_cave_entry_pillars_2, kennysheep_potato, uniq_maurice,
          uniq_grum
Temple:   nicolae_temple_slightly_damp_pantheon

Skill      XL: |  1  2  3  4  5  6  7  8  9 10 11 |
---------------+----------------------------------+-----
Axes           | 4 5 6 7 8 10 12 14 16 | 16.5
Fighting       | 4 5 6 7 9 10 12 | 12.2
Dodging        | 4 5 6 7 8 9 11 | 11.2

Action                     |  1- 3 |  4- 6 |  7- 9 | 10-12 || total
---------------------------+-------+-------+-------+-------++-------
  Melee: Hand axe          |    52 |   122 |    23 |       ||   197
         Headbutt          |     8 |    31 |    60 |    44 ||   143
         War axe           |       |       |   192 |     4 ||   196
         Battleaxe         |       |       |       |   226 ||   226
    Use: Potion            |       |     1 |       |     3 ||     4
         Scroll            |       |       |       |    11 ||    11
 Armour: Robe              |    31 |    59 |    98 |   141 ||   329
  Dodge: Dodged            |    37 |    90 |   116 |   181 ||   424
         Repelled          |       |       |       |     3 ||     3
  Block: Orb               |       |     4 |    27 |     1 ||    32
         Other             |       |       |       |    70 ||    70

Table legend: (Time is in decaauts)
 A = Elapsed time spent in this place.
 B = Non-inter-level travel time spent in this place.
 C = Inter-level travel time spent in this place.
 D = Time resting spent in this place.
 E = Time spent auto-exploring this place.
 F = Levels seen in this place.
 G = Mean time per level.
                   A        B        C        D        E       F      G
               +--------+--------+--------+--------+--------+-----+--------+
         Total |  11095 |  10367 |    728 |    642 |   8099 |  14 |  792.5 |
       Dungeon |  10404 |   9721 |    683 |    480 |   7842 |  11 |  945.8 |
        Temple |     46 |      1 |     45 |      0 |      0 |   1 |   46.0 |
       Ossuary |    347 |    347 |      0 |      0 |    206 |   1 |  347.0 |
      Ice Cave |    297 |    297 |      0 |    162 |     51 |   1 |  297.0 |
               +--------+--------+--------+--------+--------+-----+--------+

Top non-repeatable levels by time:
     D:9: 1255 daAuts
     D:2: 1221 daAuts
     D:4: 1194 daAuts
     D:7: 1115 daAuts
    D:10: 1109 daAuts
     D:3: 1097 daAuts
     D:1: 863 daAuts
     D:5: 698 daAuts
     D:6: 685 daAuts
    D:11: 610 daAuts
     D:8: 554 daAuts
 Ossuary: 347 daAuts
   IceCv: 297 daAuts
  Temple: 46 daAuts
